AoeStats
← Santadriver

African Clearing

503878762Analyzed
2v2 RM · 28d ago on Sep 2, 2026· 45m 4s· 4 players
Game mode
Random Map
Map size
Medium (4 player)
Population
200
Speed
Normal
Resources
Standard
Victory
Conquest
Starting age
Dark Age
Ending age
Imperial Age
RankedLock teamsTeams togetherTeam positionsShared explorationLock speedFull tech treeHidden civsTurbo modeCheats
Victory
Defeat
🇳🇱 Khmer · Netherlands
1357
+13
🇳🇱 Berbers · Netherlands
1335
+14
🇨🇭 Slavs · Switzerland
1342
-16
🇨🇭 Chinese · Switzerland
1255
-12
Santadriver
12:29 Feudal Age
16:38 Castle Age
14:33 Double-Bit Axe
15:51 Loom
18:23 Horse Collar
18:54 Bow Saw
19:28 Town Watch
24:02 Wheelbarrow
23:47 Fletching
26:21 Bodkin Arrow
26:28 Padded Archer Armor
27:10 Ballistics
26:55 Elite Skirmisher
28:34 Leather Archer Armor
30:53 Hand Cart
31:13 Detinets
31:44 Husbandry
31:54 Bloodlines
31:53 Pikeman
32:48 Squires
32:48 Scale Mail Armor
36:57 Imperial Age
34:43 Chain Mail Armor
36:16 Heavy Plow
37:03 Halberdier
38:14 Plate Mail Armor
38:14 Druzhina
39:16 Forging
40:39 Ring Archer Armor
40:19 Man-at-Arms
41:39 Iron Casting
Fjschj
3:29 Loom
12:57 Feudal Age
13:55 Double-Bit Axe
18:04 Castle Age
16:55 Stone Mining
16:51 Horse Collar
18:17 Gold Mining
19:11 Bow Saw
23:03 Fletching
27:14 Bodkin Arrow
27:33 Fishing Lines
28:19 Gillnets
28:42 Padded Archer Armor
29:59 Ballistics
32:29 Wheelbarrow
33:57 Leather Archer Armor
36:33 Scale Mail Armor
36:43 Forging
38:00 Pikeman
39:39 Squires
[Snats] Sjoerd&Naat Carrier
10:39 Loom
12:44 Feudal Age
17:03 Castle Age
15:54 Double-Bit Axe
18:35 Fletching
19:20 Bodkin Arrow
23:10 Bow Saw
24:16 Padded Archer Armor
29:10 Bloodlines
29:22 Husbandry
30:02 Ballistics
29:54 Horse Collar
30:52 Scale Barding Armor
33:16 Chain Barding Armor
33:49 Town Watch
39:08 Imperial Age
37:14 Wheelbarrow
37:01 Town Patrol
37:24 Thumb Ring
39:11 Heavy Plow
39:36 Elite Camel Archer
40:37 Conscription
40:19 Bracer
41:23 Chemistry
41:03 Hand Cart
42:13 Maghrebi Camels
[Snats] Naat&Sjoerd Carrier
10:57 Loom
13:23 Feudal Age
16:54 Castle Age
14:43 Double-Bit Axe
17:52 Bow Saw
19:07 Horse Collar
23:35 Heavy Plow
24:31 Gold Mining
26:54 Wheelbarrow
27:20 Stone Mining
31:21 Imperial Age
29:28 Hand Cart
29:50 Bloodlines
29:40 Husbandry
29:32 Town Watch
30:37 Stone Shaft Mining
30:36 Town Patrol
30:49 Scale Barding Armor
30:55 Forging
31:08 Fletching
32:20 Chain Barding Armor
31:31 Cavalier
32:19 Elite Battle Elephant
34:06 Plate Barding Armor
34:49 Gold Shaft Mining
35:47 Iron Casting
35:35 Tusk Swords
38:40 Blast Furnace
37:36 Bodkin Arrow
39:13 Conscription
Connection lost

Rejoining the realm…

Still unreachable

The connection could not be restored.

Session expired

The server has moved on; the page needs a fresh start.